 Dungeon Crawl Stone Soup version 0.27-a0-334-g52645efa06 (webtiles) character file.

Game seed: 15420651411409334660

97 dolemite99 the Firebug (level 4, -1/32 HPs)
             Began as a Gnoll Fire Elementalist on Feb 13, 2021.
             Slain by an orc
             ... wielding a +0 falchion
              (2 damage)
             ... on level 2 of the Dungeon.
             The game lasted 00:02:58 (3028 turns).

dolemite99 the Firebug (Gnoll Fire Elementalist)    Turns: 3028, Time: 00:02:59

Health: -1/32      AC:  2    Str:  8    XL:     4   Next: 68%
Magic:  1/11       EV: 14    Int: 15    God:
Gold:   28         SH:  0    Dex: 12    Spells: 12/13 levels left

rFire    . . .     SeeInvis .   h - +0 spear
rCold    . . .     Faith    .   (no shield)
rNeg     . . .     Spirit   .   a - +0 robe
rPois    .         Reflect  .   (no helmet)
rElec    .         Harm     .   (no cloak)
rCorr    .         Rampage  .   (no gloves)
Will     .....                  (no boots)
Stlth    ++........             (no amulet)
HPRegen  0.10/turn              (no ring)
MPRegen  0.12/turn              (no ring)

@: no status effects
A: distributed training, fangs 1, strong nose
a: no special abilities


You were on level 2 of the Dungeon.
You visited 1 branch of the dungeon, and saw 2 of its levels.

You collected 28 gold pieces.

Inventory:

Hand Weapons
 e - a +0 hunting sling
 g - a +0 dagger
 h - a +0 spear (weapon)
 k - a +0 hunting sling
 m - a +0 hand axe
 r - a +0 dagger
Missiles
 c - 47 arrows
 l - 2 boomerangs
 q - 3 stones
Armour
 a - a +0 robe (worn)
Jewellery
 i - a +4 ring of protection {unknown}
Scrolls
 b - a scroll of teleportation {unknown}
 d - a scroll of magic mapping {unknown}
 f - a scroll of fog {unknown}
 j - a scroll of amnesia {unknown}
 o - a scroll of enchant weapon {unknown}
Potions
 n - a potion of heal wounds {unknown}
 p - a potion of invisibility {unknown}
 s - a potion of attraction {unknown}


   Skills:
 + Level 1.2 Fighting
 + Level 1.2 Short Blades
 + Level 1.2 Long Blades
 + Level 1.2 Axes
 + Level 1.2 Maces & Flails
 + Level 1.2 Polearms
 + Level 1.2 Staves
 + Level 1.2 Slings
 + Level 1.2 Bows
 + Level 1.2 Crossbows
 + Level 1.2 Throwing
 + Level 1.2 Armour
 + Level 4.7 Dodging
 + Level 4.3 Stealth
 + Level 1.2 Shields
 + Level 1.2 Unarmed Combat
 + Level 5.1 Spellcasting
 + Level 2.3 Conjurations
 + Level 1.0 Hexes
 + Level 1.0 Summonings
 + Level 1.0 Necromancy
 + Level 1.0 Translocations
 + Level 1.0 Transmutations
 + Level 5.5 Fire Magic
 + Level 1.0 Ice Magic
 + Level 1.0 Air Magic
 + Level 1.0 Earth Magic
 + Level 1.0 Poison Magic
 + Level 1.3 Invocations
 + Level 1.2 Evocations


You had 12 spell levels left.
You knew the following spells:

 Your Spells              Type           Power        Failure   Level
a - Foxfire               Conj/Fire      60%          3%          1

Your spell library contained the following spells:

 Spells                   Type           Power        Failure   Level
 Conjure Flame            Conj/Fire      15%          10%         3
 Inner Flame              Hex/Fire       13%          13%         3
 Sticky Flame             Conj/Fire      15%          32%         4
 Fireball                 Conj/Fire      7%           65%         5


Dungeon Overview and Level Annotations

Branches:
Dungeon (2/15)

Altars:


Innate Abilities, Weirdness & Mutations

Your experience applies equally to all skills.
You have very sharp teeth.
Your uncanny sense of smell can sniff out nearby items.


Message History

The goblin is severely wounded.
The goblin hits you with a +0 club.
* * * LOW HITPOINT WARNING * * *
You barely miss the goblin.
The goblin is severely wounded.
The goblin misses you.
You hit the goblin.
The goblin is almost dead.
The goblin misses you.
Casting: Foxfire (safe; 3% risk of failure)
Confirm with . or Enter, or press ? or * to list all spells.
Nothing appears to happen.
The goblin misses you. The goblin barely misses you.
You hit the goblin.
You kill the goblin!
The orc misses you.
Casting: Foxfire (safe; 3% risk of failure)
Confirm with . or Enter, or press ? or * to list all spells.
Nothing appears to happen.
The orc completely misses you.
You hit the orc but do no damage.
The orc is severely wounded.
The orc hits you with a +0 falchion.
* * * LOW HITPOINT WARNING * * *
You barely miss the orc.
The orc is severely wounded.
The orc barely misses you.
Casting: Foxfire (safe; 3% risk of failure)
Confirm with . or Enter, or press ? or * to list all spells.
Nothing appears to happen.
The orc misses you. The orc misses you.
Casting: Foxfire (safe; 3% risk of failure)
Confirm with . or Enter, or press ? or * to list all spells.
Nothing appears to happen.
The orc hits you with a +0 falchion.
* * * LOW HITPOINT WARNING * * *
The orc barely misses you.
Casting: Foxfire (safe; 3% risk of failure)
Confirm with . or Enter, or press ? or * to list all spells.
Nothing appears to happen.
The orc hits you with a +0 falchion.
You die...

#......######.....
#.###### #.....
####### #.# #......
#.....# #.# #..###.#
#.....####.#######
#.# #.#
#.......>............
..#
#.....####go...######
.... ####.## #o#####
##.## #.# #@# #.# ###
#.###### #......#
#......#
#......######## ##
#.............. ..
#.............. ..
#<.....#######. .#


You could see 2 orcs and a hobgoblin.

Vanquished Creatures
  5 adders (D:2)
  2 worms (D:2)
  2 dart slugs (D:2)
  A leopard gecko (D:1)
  An orc (D:2)
  2 bats
  2 giant cockroaches
  6 goblins
  5 hobgoblins
  4 jackals (D:2)
  A quokka (D:2)
  A frilled lizard (D:2)
  3 kobolds
  5 rats
40 creatures vanquished.

Vanquished Creatures (collateral kills)
  A foxfire (D:1)
1 creature vanquished.

Vanquished Creatures (others)
  128 foxfires
128 creatures vanquished.

Grand Total: 169 creatures vanquished

Notes
Turn   | Place    | Note
-------+----------+-------------------------------------------
     0 | D:1      | dolemite99 the Gnoll Fire Elementalist began the quest for
                  | the Orb.
     0 | D:1      | Reached XP level 1. HP: 13/13 MP: 6/6
   396 | D:1      | Reached XP level 2. HP: 17/19 MP: 3/7
  1529 | D:2      | Reached XP level 3. HP: 25/25 MP: 2/9
  1581 | D:2      | Reached skill level 5 in Spellcasting
  1606 | D:2      | Reached skill level 1 in Invocations
  2058 | D:2      | Reached skill level 1 in Fighting
  2058 | D:2      | Reached skill level 1 in Short Blades
  2058 | D:2      | Reached skill level 1 in Long Blades
  2058 | D:2      | Reached skill level 1 in Axes
  2058 | D:2      | Reached skill level 1 in Maces & Flails
  2058 | D:2      | Reached skill level 1 in Polearms
  2058 | D:2      | Reached skill level 1 in Staves
  2058 | D:2      | Reached skill level 1 in Slings
  2058 | D:2      | Reached skill level 1 in Bows
  2058 | D:2      | Reached skill level 1 in Crossbows
  2058 | D:2      | Reached skill level 1 in Throwing
  2058 | D:2      | Reached skill level 1 in Armour
  2058 | D:2      | Reached skill level 1 in Shields
  2058 | D:2      | Reached skill level 1 in Unarmed Combat
  2058 | D:2      | Reached skill level 1 in Evocations
  2546 | D:2      | Reached XP level 4. HP: 32/32 MP: 8/11
  2816 | D:2      | Reached skill level 1 in Hexes
  2816 | D:2      | Reached skill level 1 in Summonings
  2816 | D:2      | Reached skill level 1 in Necromancy
  2816 | D:2      | Reached skill level 1 in Translocations
  2816 | D:2      | Reached skill level 1 in Transmutations
  2816 | D:2      | Reached skill level 1 in Ice Magic
  2816 | D:2      | Reached skill level 1 in Air Magic
  2816 | D:2      | Reached skill level 1 in Earth Magic
  2816 | D:2      | Reached skill level 1 in Poison Magic
  3026 | D:2      | HP: 1/32 [orc/+0 falchion (4)]
  3028 | D:2      | Slain by an orc

Illustrated notes

Levels and vault maps discovered:
D:1:      dpeg_arrival_houses_and_road, layout_basic, serial_forest,
          infiniplex_forest_straight_3, infiniplex_forest_straight_2,
          infiniplex_forest_corner_2, infiniplex_forest_clump_long,
          infiniplex_forest_lined_2, infiniplex_forest_zigzag_2,
          infiniplex_forest_clump_tiny
D:2:      layout_rooms, guppyfry_early_orc_mine

Skill      XL: |  1  2  3  4 |
---------------+-------------+-----
Conjurations   | 2 |  2.3
Spellcasting   | 5 |  5.1
Invocations    | 1 |  1.3
Fighting       | 1 |  1.2
Short Blades   | 1 |  1.2
Long Blades    | 1 |  1.2
Axes           | 1 |  1.2
Maces & Flails | 1 |  1.2
Polearms       | 1 |  1.2
Staves         | 1 |  1.2
Slings         | 1 |  1.2
Bows           | 1 |  1.2
Crossbows      | 1 |  1.2
Throwing       | 1 |  1.2
Armour         | 1 |  1.2
Shields        | 1 |  1.2
Unarmed Combat | 1 |  1.2
Evocations     | 1 |  1.2
Hexes          | 1 |  1.0
Summonings     | 1 |  1.0
Necromancy     | 1 |  1.0
Translocations | 1 |  1.0
Transmutations | 1 |  1.0
Ice Magic      | 1 |  1.0
Air Magic      | 1 |  1.0
Earth Magic    | 1 |  1.0
Poison Magic   | 1 |  1.0
Dodging        | |  4.7
Stealth        | |  4.3
Fire Magic     | |  5.5

Action                   |  1- 3 |  4- 6 || total
-------------------------+-------+-------++-------
Melee: Spear             |       |    10 ||    10
 Cast: Foxfire           |    54 |    32 ||    86
Armor: Robe              |     7 |     1 ||     8
Dodge: Dodged            |    33 |    37 ||    70

Table legend: (Time is in decaauts)
 A = Elapsed time spent in this place.
 B = Non-inter-level travel time spent in this place.
 C = Inter-level travel time spent in this place.
 D = Time resting spent in this place.
 E = Time spent auto-exploring this place.
 F = Levels seen in this place.
 G = Mean time per level.
                   A        B        C        D        E       F      G
               +--------+--------+--------+--------+--------+-----+--------+
         Total |   3027 |   2983 |     44 |   1270 |   1096 |   2 | 1513.5 |
       Dungeon |   3027 |   2983 |     44 |   1270 |   1096 |   2 | 1513.5 |
               +--------+--------+--------+--------+--------+-----+--------+

Top non-repeatable levels by time:
     D:2: 1537 daAuts
     D:1: 1490 daAuts
